 Dungeon Crawl Stone Soup version 0.16.1-7-g2c6721e (webtiles) character file.

107 Dire the Chiller (level 4, -2/28 HPs)
             Began as a High Elf Ice Elementalist on Mar 29, 2015.
             Killed by divine providence
             ... invoked by an orc priest
              (14 damage)
             ... on level 3 of the Dungeon.
             The game lasted 00:11:08 (1947 turns).

Dire the Chiller (High Elf Ice Elementalist)        Turns: 1947, Time: 00:11:08

Health: -2/28      AC:  7    Str:  7    XL:     4   Next: 57%
Magic:  6/12       EV: 13    Int: 23    God:
Gold:   162        SH:  0    Dex: 15    Spells: 3 memorised, 1 level left

rFire  . . .     SeeInvis .     o - +0 short sword (venom)
rCold  . . .     Clarity  .     a - +0 robe
rNeg   . . .     SustAb   .     (no shield)
rPois  .         Gourm    .     w - +2 helmet
rElec  .         Spirit   .     (no cloak)
rCorr  .         Warding  .     e - +1 pair of gloves
rMut   .         Stasis   .     (no boots)
MR     .....                    (no amulet)
Stlth  ++........               p - +3 ring of intelligence
                                (no ring)

@: very slightly contaminated, not resistant to hostile enchantments, unstealthy
A: no striking features
a: no special abilities


You were on level 3 of the Dungeon.
You were not hungry.

You visited 1 branch of the dungeon, and saw 3 of its levels.

You collected 162 gold pieces.

Inventory:

Hand weapons
 l - a +0 dagger
 o - a +0 short sword of venom (weapon)
Missiles
 n - 14 arrows
Armour
 a - a +0 robe (worn)
 e - a +1 pair of gloves (worn)
 w - a +2 helmet (worn)
Jewellery
 p - a +3 ring of intelligence (right hand)
Magical devices
 g - a wand of flame (26)
 z - a wand of digging (15)
 C - a wand of confusion (41)
Scrolls
 h - a scroll of recharging {unknown}
 m - 2 scrolls of remove curse
 B - a scroll of fog
Potions
 d - a potion of haste {unknown}
 j - 2 potions of curing {unknown}
 r - 3 potions of magic {unknown}
 u - a potion of lignification {unknown}
 x - a potion of restore abilities {unknown}
 D - a potion of brilliance {unknown}
Books
 b - a book of Frost

   Spells                             Type                      Level
   a - Freeze                         Ice                          1
   b - Throw Frost                    Conjuration/Ice              2
   c - Ozocubu's Armour               Charms/Ice                   3
   d - Throw Icicle                   Conjuration/Ice              4
   e - Summon Ice Beast               Ice/Summoning                4
   f - Condensation Shield            Ice                          4
 s - a book of the Tempests

   Spells                             Type                      Level
   a - Static Discharge               Conjuration/Air              3
   b - Lightning Bolt                 Conjuration/Air              5
   c - Fireball                       Conjuration/Fire             5
   d - Tornado                        Air                          9
   e - Shatter                        Earth                        9
 y - a book of the Earth

   Spells                             Type                      Level
   a - Leda's Liquefaction            Hexes/Earth                  4
   b - Bolt of Magma                  Conjuration/Fire/Earth       5
   c - Statue Form                    Transmutation/Earth          6
   d - Iron Shot                      Conjuration/Earth            6
   e - Shatter                        Earth                        9
Comestibles
 c - 3 bread rations
 f - a slice of pizza
 i - 3 meat rations
 k - 6 fruits
 t - 2 beef jerkies
 A - 2 chunks of flesh


   Skills:
 + Level 1.6 Fighting
 + Level 3.1 Dodging
 - Level 2.1 Stealth
 + Level 3.3 Spellcasting
 + Level 1.5 Conjurations
 + Level 3.7 Ice Magic


You had one spell level left.
You knew the following spells:

 Your Spells              Type           Power        Failure   Level  Hunger
a - Freeze                Ice            ###.         2%          1    None
b - Ozocubu's Armour      Chrm/Ice       ##......     17%         3    ###....
c - Throw Icicle          Conj/Ice       ###.....     38%         4    ####...


Dungeon Overview and Level Annotations

Branches:
Dungeon (3/15)

Altars:
Cheibriados
Yredelemnul


Message History

Found 11 stones.
The orc priest shouts!
The orc priest mumbles some strange prayers to Beogh against you.
Something smites you!
Ouch! That really hurt!
An orc wizard comes into view. It is wielding a dagger.
The orc wizard shouts!
You hear a shout!
You hear a shout!
You hear a shout!
The orc priest hits you but does no damage.
An orc comes into view. It is wielding a club.
Casting: Freeze
Confirm with . or Enter, or press ? or * to list all spells.
Aiming: Freeze
Press: ? - help, Shift-Dir - straight line, f - orc priest
Aim: an orc priest You freeze the orc priest.
The orc priest is lightly wounded.
The orc priest calls down the wrath of Beogh upon you.
Something smites you!
Ouch! That really hurt!
You die...

##.# #..# #..# #..#
#(.# #..# #..#####
##......###
#@........#
#o#.#.....##
oo..........#
###.#.#.....รท#####
#..........#...#
###.###......#.###
#.# ####........ .
####.#### ##.##


You could see an orc priest and an orc.

Vanquished Creatures
  A crimson imp (D:3)
  3 worms (D:2)
  2 giant geckos
  An ooze (D:2)
  2 orcs (D:3)
  A ball python (D:2)
  9 bats
  2 gnoll zombies (D:2)
  4 goblins
  9 hobgoblins
  A jackal (D:3)
  6 kobolds
  4 giant cockroaches
  5 giant newts
  6 rats
56 creatures vanquished.

Notes
Turn   | Place    | Note
--------------------------------------------------------------
     0 | D:1      | Dire, the High Elf Ice Elementalist, began the quest for the Orb.
     0 | D:1      | Reached XP level 1. HP: 11/11 MP: 4/4
   337 | D:1      | Reached XP level 2. HP: 16/18 MP: 0/6
   593 | D:1      | Reached skill level 1 in Fighting
   757 | D:2      | Reached XP level 3. HP: 21/23 MP: 2/8
   872 | D:2      | Learned a level 3 spell: Ozocubu's Armour
  1177 | D:2      | Found a basalt altar of Yredelemnul.
  1378 | D:2      | Found a snail-covered altar of Cheibriados.
  1726 | D:3      | Reached XP level 4. HP: 28/28 MP: 12/12
  1732 | D:3      | Learned a level 4 spell: Throw Icicle
  1947 | D:3      | Killed from afar by an orc priest

Action                   |  1- 3 |  4- 6 || total
-------------------------+-------+-------++-------
Melee: Club              |    13 |       ||    13
       Dagger            |    10 |       ||    10
       Short sword       |    25 |     9 ||    34
 Cast: Freeze            |    64 |    15 ||    79
       Ozocubu's Armour  |     3 |       ||     3
  Use: Scroll            |     3 |     4 ||     7
 Stab: Sleeping          |       |     1 ||     1
  Eat: Chunk             |     3 |     1 ||     4
